 Dungeon Crawl Stone Soup version 0.27.0-1-g7a089689b8 (webtiles) character file.

Game seed: 14680297364174692013

37 Delamore the Sneak (level 3, -3/25 HPs)
             Began as an Octopode Brigand on Aug 7, 2021.
             Slain by a quokka (4 damage)
             ... on level 2 of the Dungeon.
             The game lasted 00:00:39 (941 turns).

Delamore the Sneak (Octopode Brigand)                Turns: 941, Time: 00:00:40

Health: -3/25      AC:  1    Str: 10    XL:     3   Next: 41%
Magic:  3/3        EV: 13    Int: 13    God:
Gold:   43         SH:  0    Dex: 14    Spells: 2/2 levels left

rFire    . . .     SeeInvis .   a - +2 dagger
rCold    . . .     Faith    .   (no shield)
rNeg     . . .     Spirit   .   (helmet restricted)
rPois    .         Reflect  .   (no amulet)
rElec    .         Harm     .   (no ring)
rCorr    .         Rampage  .   (no ring)
Will     .....                  (no ring)
Stlth    ++++......             (no ring)
HPRegen  0.08/turn              (no ring)
MPRegen  0.08/turn              (no ring)
                                (no ring)
                                (no ring)

@: lethally poisoned (-3 -> -19)
A: almost no armour, amphibious, 8 rings, camouflage 1, gelatinous body 1,
(nimble swimmer 1), tentacles
a: no special abilities


You were on level 2 of the Dungeon.
You visited 1 branch of the dungeon, and saw 2 of its levels.

You collected 43 gold pieces.

Inventory:

Hand Weapons
 a - a +2 dagger (weapon)
Missiles
 b - 8 poisoned darts (quivered)
 c - 2 curare-tipped darts
Potions
 d - a potion of resistance {unknown}
 e - a potion of degeneration {unknown}
 f - a potion of cancellation


   Skills:
 + Level 2.5 Fighting
 * Level 3.0 Short Blades
 - Level 2.0 Throwing
 + Level 1.7 Dodging
 - Level 5.3 Stealth


You had 2 spell levels left.
You didn't know any spells.
Your spell library was empty.

Dungeon Overview and Level Annotations

Branches:
Dungeon (2/15)

Altars:


Innate Abilities, Weirdness & Mutations

You cannot wear most types of armour.
You are amphibious.
You can wear up to eight rings at the same time.
Your skin changes colour to match your surroundings (Stealth+).
Your rubbery body absorbs attacks. (AC +1, EV +1)
((You are camouflaged near water. (Stealth+)))
You have tentacles for arms and can constrict up to eight enemies at once.


Message History

A giant cockroach comes into view.
Found 7 sling bullets.
A quokka comes into view.
A hobgoblin comes into view.
The hobgoblin shouts!
You hear a shout!
The kobold hits you with a +0 short sword of venom.
You are poisoned.
Found a ring mail.
Found a stone staircase leading up.
You hit the giant cockroach. Your grab misses the giant cockroach.
The giant cockroach is lightly wounded.
You feel sick. The kobold completely misses you.
The giant cockroach bites you but does no damage.
You hit the giant cockroach. Your grab misses the giant cockroach.
You squeeze the giant cockroach, but do no damage.
The giant cockroach is heavily wounded.
You feel sick.
The kobold hits you with a +0 short sword of venom.
You are more poisoned.
The giant cockroach bites you but does no damage.
You hit the giant cockroach.
You kill the giant cockroach!
You feel sick.
The kobold hits you with a +0 short sword of venom.
You are more poisoned.
The quokka bites you.
* * * LOW HITPOINT WARNING * * *
Your Short Blades skill increases to level 3!
You are too injured to fight recklessly!
You are too injured to fight recklessly!
You are too injured to fight recklessly!
You are too injured to fight recklessly!
You are too injured to fight recklessly!
You are too injured to fight recklessly!
You are too injured to fight recklessly!
You are too injured to fight recklessly!
You are too injured to fight recklessly!
It was a potion of cancellation.
You feel magically purged.
* * * LOW HITPOINT WARNING * * *
You feel very sick. The quokka bites you.
You die...

<.....# ..(....##
........# ........#
........# ........#
........################
......K@................
......gr#########.......
[.......# ##......
........# #####.#
........# #.# ........#
#.# ........# #.#
........# ######.#
.........


You could see a quokka, a hobgoblin and a kobold.

Vanquished Creatures
  An adder (D:2)
  A worm (D:2)
  2 endoplasms (D:1)
  A giant cockroach (D:2)
  A goblin (D:1)
  2 hobgoblins
  4 jackals
  2 quokkas (D:1)
  2 ball pythons
  4 bats (D:1)
  2 frilled lizards
  A kobold (D:1)
  2 rats (D:1)
25 creatures vanquished.

Notes
Turn   | Place    | Note
-------+----------+-------------------------------------------
     0 | D:1      | Delamore the Octopode Brigand began the quest for the Orb.
     0 | D:1      | Reached XP level 1. HP: 14/14 MP: 1/1
   123 | D:1      | Reached XP level 2. HP: 12/19 MP: 2/2
   496 | D:1      | Found a faded altar of an unknown god.
   798 | D:2      | Reached XP level 3. HP: 22/25 MP: 3/3
   941 | D:2      | HP: 1/25 [poisoned by a kobold]
   941 | D:2      | Slain by a quokka

Illustrated notes

Levels and vault maps discovered:
D:1:      grunt_arrival_lava_bath, layout_basic,
          dreamdust_ecumenical_altar_hidden_monk_grotto
D:2:      layout_rooms

Skill      XL: |  1  2  3 |
---------------+----------+-----
Short Blades   | 3 |  3.0
Fighting       | |  2.5
Throwing       | |  2.0
Dodging        | |  1.7
Stealth        | |  5.3

Action                   || total
-------------------------++-------
Melee: Dagger            ||    48
       Constrict         ||     9
       Tentacles         ||     7
  Use: Scroll            ||     1
       Potion            ||     1
 Stab: Sleeping          ||    10
Armor: Skin              ||     4
Dodge: Dodged            ||    23
